Kradschützen Motorcycle Team
Selects Armored Suppot Battlegroup
Construct Light Support Kompanie
Construct Mechanized Kompanie
Panzerjäger Mechanized Group
Selects Superior Fire Drills
Marder III Tank Destroyer
Selects Vehicle Awareness
Panzerjäger Mechanized Group
Marder III Tank Destroyer
Marder III Tank Destroyer
Marder III Tank Destroyer
Selects Stuka Anti-tank Loiter
Selects Flammpanzer III Medium Tank Sd.Kfz. 141
Selects Command Panzer IV F Medium Tank
Command Panzer IV F Medium Tank